 Dungeon Crawl Stone Soup version 0.29-a0-559-g359e09b9d1 (webtiles) character file.

Game seed: 13495270151940836787

147 spaghetti the Cleaver (level 5, -1/37 HPs)
             Began as a Gnoll Wanderer on June 10, 2022.
             Slain by an orc
             ... wielding a +0 mace
              (3 damage)
             ... on level 3 of the Dungeon.
             The game lasted 00:04:01 (2494 turns).

spaghetti the Cleaver (Gnoll Wanderer)              Turns: 2494, Time: 00:04:01

Health: -1/37      AC:  6    Str: 12 (14) XL:     5   Next: 29%
Magic:  7/7        EV: 10    Int: 13 (15) God:
Gold:   207        SH:  0    Dex:  8 (11) Spells: 6/6 levels left

rFire   . . .      SeeInvis .   m - +6 short sword of Qefih {vorpal, Int+4, short}
rCold   . . .      Faith    .   (no shield)
rNeg    . . .      Spirit   .   c - +0 ring mail
rPois   .          Reflect  .   (no helmet)
rElec   .          Harm     .   (no cloak)
rCorr   .          Rampage  .   (no gloves)
Will    .....                   (no boots)
Stlth   +.........              (no amulet)
HPRegen 0.12/turn               (no ring)
MPRegen 0.10/turn               (no ring)

@: brilliant, hasted, very quick
A: fangs 1, strong nose, distributed training
a: no special abilities


You were on level 3 of the Dungeon.
You visited 1 branch of the dungeon, and saw 3 of its levels.

You collected 207 gold pieces.


Innate Abilities, Weirdness & Mutations

You have very sharp teeth.
Your uncanny sense of smell can sniff out nearby items.
Your experience applies equally to all skills.


   Skills:
 + Level 1.4 Fighting
 + Level 1.4 Short Blades
 + Level 1.4 Long Blades
 + Level 10.5 Axes
 + Level 1.4 Maces & Flails
 + Level 2.9 Polearms
 + Level 1.4 Staves
 + Level 1.4 Slings
 + Level 1.4 Bows
 + Level 1.4 Crossbows
 + Level 1.4 Throwing
 + Level 4.7 Armour
 + Level 2.9 Dodging
 + Level 1.4 Stealth
 + Level 1.4 Shields
 + Level 1.4 Unarmed Combat
 + Level 1.4 Spellcasting
 + Level 1.1 Conjurations
 + Level 1.1 Hexes
 + Level 1.1 Summonings
 + Level 1.1 Necromancy
 + Level 1.1 Translocations
 + Level 1.1 Transmutations
 + Level 1.1 Fire Magic
 + Level 1.1 Ice Magic
 + Level 1.1 Air Magic
 + Level 1.1 Earth Magic
 + Level 1.1 Poison Magic
 + Level 1.6 Invocations
 + Level 2.9 Evocations


You had 6 spell levels left.
You didn't know any spells.
Your spell library contained the following spells:

 Spells                   Type           Power      Damage    Failure   Level
 Necrotize                Necr           20%        1d5       34%         1
 Blink                    Tloc           10%        N/A       47%         2
 Lesser Beckoning         Tloc           5%         N/A       71%         3
 Vampiric Draining        Necr           5%         2d6       71%         3
 Agony                    Necr           5%         N/A       100%        5
 Manifold Assault         Tloc           5%         N/A       100%        5

Inventory:

Hand Weapons
 a - a +2 hand axe {axe}
 b - a +0 spear {polearm}
 d - a +1 halberd of freezing {polearm}
   (You took it off a gnoll on level 2 of the Dungeon)
 m - the +6 short sword of Qefih (weapon) {vorpal, Int+4, short}
   (You found it on level 2 of the Dungeon)

   It inflicts extra damage upon your enemies.
   Int:       It affects your intelligence (+4).
Missiles
 g - 89 stones (quivered) {throwing}
 k - 4 curare-tipped darts {=fthrowing}
 n - 4 poisoned darts {throwing}
Armour
 c - a +0 ring mail (worn)
Jewellery
 i - a ring of see invisible
   (You found it on level 2 of the Dungeon)
Scrolls
 j - 2 scrolls of identify {unknown}
 l - a scroll of fear {unknown}
 o - a scroll of noise {unknown}

Dungeon Overview and Level Annotations

Branches:
Dungeon (3/15)

Altars:

#..#.#.#
#.####....#
#..#.#.# #. #....#
...#.# #..#.# #
#..#.# ###.#..#.#
#......#.# ####
#......#[##o..##.o
#......Boo@o..o.o.
#......oo##o..####
#........# ..[#
#........# .).#
#......... ....$
##......>##...#.#
##.###### ####.#
#. #


You could see an orc priest, an orc wizard, 8 orcs and a giant cockroach.


Message History

No target in view!
No target in view!
An orc priest comes into view. It is wielding a +0 club.
Found a stone staircase leading down.
The orc priest shouts!
An orc priest is nearby!
An orc priest is nearby!
An orc priest is nearby! 2 orcs and an orc wizard come into view.
The orc shouts! x2; The orc wizard shouts!
You hear a shout!
A giant cockroach comes into view.
The orc wizard points at you and mumbles some strange words.
The puff of flame misses you.
You see here a +0 robe.
An orc wizard comes into view. It is wielding a +0 dagger.
The orc wizard shouts!
You hear a shout! x2
The orc priest calls down the wrath of Beogh upon you.
Pain shoots through your body! The orc closely misses you.
You hear a shout!
You are too injured to fight recklessly!
You are too injured to fight recklessly! 😕 HP[-9]
You take 9 damage, and now have 28/37 hp.
MASSIVE DAMAGE!! (PAUSE)
The orc wizard gestures at you while chanting.
You are confused.
You see here a +0 robe.
It was a potion of brilliance.
You feel clever all of a sudden. The orc hits you but does no damage.
An orc comes into view. It is wielding a +0 mace.
It was a potion of haste.
You feel yourself speed up.
The orc shouts!
You hear a shout! x2
The orc barely misses you.
An orc comes into view. It is wielding a +0 mace.
It was a potion of heal wounds.
You feel much better.
An orc comes into view. It is wielding a +0 hand axe.
The orc hits you but does no damage. The orc completely misses you. 😎 HP[+9]
Your hp is fully restored (37).
It was a potion of degeneration.
There was something very wrong with that liquid.
You feel weakened.
You feel dopey.
You feel clumsy.
Unknown command.
You bump into the rock wall.
The orc hits you but does no damage. x2
The orc priest hits you but does no damage.
You bump into the rock wall.
The orc priest closely misses you. The orc hits you but does no damage.
The orc barely misses you.
You hit the orc.
The orc priest calls upon Beogh to heal the orc.
The orc's wounds heal themselves!
The orc wizard hits you but does no damage.
You barely miss the orc wizard. The orc wizard casts a spell at you.
The puff of flame hits you! The orc hits you but does no damage.
The orc wizard hits you but does no damage. 😕 HP[-7]
You take 7 damage, and now have 30/37 hp.
Unknown command.
Unknown command.
You aren't carrying any potions.
You're too confused to move!
You feel less confused.
You hit the orc wizard. You bite the orc wizard.
An orc comes into view. It is wielding a +0 short sword.
The orc closely misses you.
The orc wizard hits you with a +0 dagger.
The orc wizard hits you but does no damage. 😮 HP[-4]
You take 4 damage, and now have 26/37 hp.
You closely miss the orc wizard.
The orc priest calls down the wrath of Beogh upon you.
Pain shoots through your body!
* * * LOW HITPOINT WARNING * * *
The orc wizard hits you with a +0 dagger.
* * * LOW HITPOINT WARNING * * *
An orc comes into view. It is wielding a +0 club.
The orc hits you but does no damage. x2
The orc wizard hits you but does no damage. 😱 HP[-17]
You take 17 damage, and now have 9/37 hp.
MASSIVE DAMAGE!! (PAUSE)
The orc shouts!
You hit the orc wizard.
The orc priest hits you but does no damage.
The orc wizard hits you with a +0 dagger.
* * * LOW HITPOINT WARNING * * *
The orc wizard hits you but does no damage.
The orc hits you but does no damage.
The orc hits you from afar with a +0 trident.
* * * LOW HITPOINT WARNING * * *
😱 HP[-7]
You take 7 damage, and now have 2/37 hp.
You puncture the orc wizard!
You kill the orc wizard!
You feel your intelligence returning.
An orc comes into view. It is wielding a +0 whip.
The orc shouts!
The orc hits you with a +0 mace.
You die...

Skill      XL: |  1  2  3  4 |
---------------+-------------+-----
Axes           | | 10.5
Invocations    | 1 |  1.6
Fighting       | 1 |  1.4
Short Blades   | 1 |  1.4
Long Blades    | 1 |  1.4
Maces & Flails | 1 |  1.4
Staves         | 1 |  1.4
Slings         | 1 |  1.4
Bows           | 1 |  1.4
Crossbows      | 1 |  1.4
Throwing       | 1 |  1.4
Stealth        | 1 |  1.4
Shields        | 1 |  1.4
Unarmed Combat | 1 |  1.4
Spellcasting   | 1 |  1.4
Conjurations   | 1 |  1.1
Hexes          | 1 |  1.1
Summonings     | 1 |  1.1
Necromancy     | 1 |  1.1
Translocations | 1 |  1.1
Transmutations | 1 |  1.1
Fire Magic     | 1 |  1.1
Ice Magic      | 1 |  1.1
Air Magic      | 1 |  1.1
Earth Magic    | 1 |  1.1
Poison Magic   | 1 |  1.1
Polearms       | |  2.9
Armour         | |  4.7
Dodging        | |  2.9
Evocations     | |  2.9

Action                   |  1- 3 |  4- 6 || total
-------------------------+-------+-------++-------
Melee: Hand axe          |    61 |    10 ||    71
       Bite              |     6 |     4 ||    10
       Short sword       |       |    45 ||    45
  Use: Potion            |     1 |     4 ||     5
Armor: Ring mail         |    23 |    28 ||    51
Dodge: Dodged            |    29 |    26 ||    55

Levels and vault maps discovered:
D:1:      dpeg_arrival_simpleton_c, layout_basic, minmay_shallow_snake_nest
D:2:      layout_basic, ebering_ecumenical_altar_rust
D:3:      layout_basic

Notes
Turn   | Place    | Note
-------+----------+-------------------------------------------
     0 | D:1      | Reached skill level 10 in Axes
     0 | D:1      | spaghetti the Gnoll Wanderer began the quest for the Orb.
     0 | D:1      | spaghetti set off with the following items: a +2 hand axe
                  | {axe}, a +0 spear {polearm}, a +0 ring mail, a potion of
                  | berserk rage {!q}
     0 | D:1      | Reached XP level 1. HP: 13/13 MP: 1/1
     0 | D:1      | magus.rc [v1.9.6]
   153 | D:1      | Reached XP level 2. HP: 17/19 MP: 2/2
   641 | D:1      | Reached XP level 3. HP: 25/25 MP: 3/3
   779 | D:2      | You pick up a book of Necromancy and begin reading...
   779 | D:2      | You add the spells Necrotize, Vampiric Draining and Agony
                  | to your library.
   875 | D:2      | Reached skill level 1 in Invocations
   876 | D:2      | HP: 5/25 [gnoll/+0 spear (4)]
   882 | D:2      | Reached skill level 1 in Fighting
   882 | D:2      | Reached skill level 1 in Short Blades
   882 | D:2      | Reached skill level 1 in Long Blades
   882 | D:2      | Reached skill level 1 in Maces & Flails
   882 | D:2      | Reached skill level 1 in Staves
   882 | D:2      | Reached skill level 1 in Slings
   882 | D:2      | Reached skill level 1 in Bows
   882 | D:2      | Reached skill level 1 in Crossbows
   882 | D:2      | Reached skill level 1 in Throwing
   882 | D:2      | Reached skill level 1 in Stealth
   882 | D:2      | Reached skill level 1 in Shields
   882 | D:2      | Reached skill level 1 in Unarmed Combat
   882 | D:2      | Reached skill level 1 in Spellcasting
   882 | D:2      | Reached XP level 4. HP: 10/32 MP: 3/5
  1254 | D:2      | Found a faded altar of an unknown god.
  1712 | D:2      | Identified the +6 short sword of Qefih {vorpal, Int+4}
  2101 | D:3      | You pick up a book of Spatial Translocations and begin
                  | reading...
  2101 | D:3      | You add the spells Blink, Lesser Beckoning and Manifold
                  | Assault to your library.
  2144 | D:3      | Reached skill level 1 in Conjurations
  2144 | D:3      | Reached skill level 1 in Hexes
  2144 | D:3      | Reached skill level 1 in Summonings
  2144 | D:3      | Reached skill level 1 in Necromancy
  2144 | D:3      | Reached skill level 1 in Translocations
  2144 | D:3      | Reached skill level 1 in Transmutations
  2144 | D:3      | Reached skill level 1 in Fire Magic
  2144 | D:3      | Reached skill level 1 in Ice Magic
  2144 | D:3      | Reached skill level 1 in Air Magic
  2144 | D:3      | Reached skill level 1 in Earth Magic
  2144 | D:3      | Reached skill level 1 in Poison Magic
  2309 | D:3      | Reached XP level 5. HP: 29/37 MP: 6/6
  2491 | D:3      | HP: 9/37 [orc wizard/+0 dagger (3)]
  2492 | D:3      | HP: 2/37 [orc/+0 trident (5)]
  2494 | D:3      | Slain by an orc

Vanquished Creatures
  2 orc wizards (D:3)
  4 gnolls (D:2)
  A dart slug (D:1)
  10 orcs (D:3)
  2 bats (D:2)
  4 endoplasms
  A giant cockroach (D:1)
  4 goblins (D:1)
  4 hobgoblins
  3 kobolds (D:1)
  2 quokkas (D:1)
  5 ball pythons
  4 frilled lizards
  2 rats
48 creatures vanquished.

Table legend:
 A = Non-vault XP
 B = Vault XP
 C = Vault XP percentage of total XP
 D = Non-vault monster count
 E = Vault monster count
 F = Vault count percentage of total count
                 A         B        C        D         E       F
            +---------+---------+-------+---------+---------+-------
      Total |     210 |       1 |   0.5 |      47 |       1 |   2.1
            +---------+---------+-------+---------+---------+-------
        D:1 |      34 |       1 |   2.9 |      19 |       1 |   5.0
        D:2 |      72 |       0 |   0.0 |      12 |       0 |   0.0
        D:3 |     104 |       0 |   0.0 |      16 |       0 |   0.0
            +---------+---------+-------+---------+---------+-------

Illustrated notes

Table legend:
 A = Kills in this place as a percentage of kills in entire the game.
 B = Kills by you in this place as a percentage of kills by you in the entire game.
 C = Kills by friends in this place as a percentage of kills by friends in the entire game.
 D = Other kills in this place as a percentage of other kills in the entire game.
 E = Experience gained in this place as a percentage of experience gained in the entire game.
 F = Experience gained in this place divided by the number of levels of this place that you have seen.
                   A       B       C       D       E      F
               +-------+-------+-------+-------+-------+----------------------
         Total | 100.0 | 100.0 |   N/A |   N/A | 100.0 |  70.3
       Dungeon | 100.0 | 100.0 |   N/A |   N/A | 100.0 |  70.3
               +-------+-------+-------+-------+-------+----------------------

Table legend: (Time is in decaauts)
 A = Elapsed time spent in this place.
 B = Non-inter-level travel time spent in this place.
 C = Inter-level travel time spent in this place.
 D = Time resting spent in this place.
 E = Time spent auto-exploring this place.
 F = Levels seen in this place.
 G = Mean time per level.
                   A        B        C        D        E       F      G
               +--------+--------+--------+--------+--------+-----+--------+
         Total |   2487 |   2401 |     86 |     92 |   2030 |   3 |  829.0 |
       Dungeon |   2487 |   2401 |     86 |     92 |   2030 |   3 |  829.0 |
               +--------+--------+--------+--------+--------+-----+--------+

Top non-repeatable levels by time:
     D:2: 1337 daAuts
     D:1: 665 daAuts
     D:3: 484 daAuts
